 Dungeon Crawl Stone Soup version 0.29-a0-887-gcbe080d7e0 (webtiles) character file.

Game seed: 14661106028113448152

302731 hquester1 the Tortoise (level 20, -7/193 HPs)
             Began as a Minotaur Fighter on July 21, 2022.
             Was the Champion of Qazlal.
             Mangled by a juggernaut (22 damage)
             ... on level 2 of the Depths.
             The game lasted 02:58:14 (37580 turns).

hquester1 the Tortoise (Minotaur Fighter)          Turns: 37580, Time: 02:58:14

Health: -7/193     AC: 46    Str: 39    XL:     20   Next: 22%
Magic:  13/28      EV: 16    Int: 19    God:    Qazlal [******]
Gold:   979        SH: 38    Dex: 18    Spells: 19/19 levels left

rFire   + . .      SeeInvis .   O - +10 morningstar "Eos" {elec, Halo rElec}
rCold   + . .      Faith    .   D - +4 tower shield
rNeg    . . .      Spirit   .   n - +9 plate armour "Cueseodgh" {rC+ Will++ rCorr Int+4}
rPois   .          Reflect  +   (helmet restricted)
rElec   +          Harm     .   M - +1 cloak of the Evening {Int+4}
rCorr   +          Rampage  .   v - +2 pair of gloves {Str+3}
Will    +++..                   p - +2 pair of boots of Verdant Awe {Str+5 Int+7}
Stlth   ..........              Q - amulet of reflection
HPRegen 1.22/turn               d - +6 ring of dexterity
MPRegen 0.21/turn               F - +4 ring of protection

@: marked, flayed, protected from physical damage, glowing, studying Long
Blades, repel missiles
A: horns 2, retaliatory headbutt, fire resistance 1, regeneration 1, strong 1
}: 2/15 runes: serpentine, barnacled
a: Renounce Religion, Upheaval, Elemental Force, Disaster Area


You were on level 2 of the Depths.
You worshipped Qazlal.
Qazlal was exalted by your worship.
You visited 8 branches of the dungeon, and saw 37 of its levels.
You also visited: Sewer, Gauntlet and Ice Cave.

You collected 4740 gold pieces.
You spent 3761 gold pieces at shops.

Inventory:

Hand Weapons
 j - a +0 eveningstar of electrocution
 I - a +9 broad axe of electrocution
 O - the +10 morningstar "Eos" (weapon) {elec, Halo rElec}
   (You took it off a minotaur in a Gauntlet)

   It occasionally discharges a powerful burst of electricity upon striking a
   foe.
   It grants its wielder a halo, increasing accuracy against those within it.
   rElec:     It insulates you from electricity.
Armour
 n - the +9 plate armour "Cueseodgh" (worn) {rC+ Will++ rCorr Int+4}
   (You bought it in a shop on level 3 of the Elven Halls)

   Int:       It affects your intelligence (+4).
   rC:        It protects you from cold.
   rCorr:     It protects you from acid and corrosion.
   Will:      It greatly increases your willpower.
 p - the +2 pair of boots of Verdant Awe (worn) {Str+5 Int+7}
   (You acquired it on level 9 of the Dungeon)

   Str:       It affects your strength (+5).
   Int:       It affects your intelligence (+7).
 v - a +2 pair of gloves of strength (worn)
 D - a +4 tower shield (worn)
 M - the +1 cloak of the Evening (worn) {Int+4}
   (You found it in a Gauntlet)

   Int:       It affects your intelligence (+4).
Jewellery
 d - a +6 ring of dexterity (left hand)
 o - the amulet "Aloag" {Faith rF+ rN+++ Stlth-}
   (You found it on level 3 of the Elven Halls)

   [amulet of faith]

   It allows you to gain divine favour quickly.
   rF:        It protects you from fire.
   rN:        It renders you almost immune to negative energy.
   Stlth:     It makes you less stealthy.
 F - a +4 ring of protection (right hand)
 Q - an amulet of reflection (around neck)
Wands
 c - a wand of quicksilver (6)
 m - a wand of paralysis (32)
 y - a wand of mindburst (16)
 A - a wand of iceblast (16)
 U - a wand of flame (27)
Scrolls
 f - 2 scrolls of enchant armour
 g - 9 scrolls of vulnerability
 k - 4 scrolls of torment
 s - 21 scrolls of teleportation
 u - 5 scrolls of poison
 B - 2 scrolls of blinking
 G - 7 scrolls of fear
 K - 6 scrolls of enchant weapon
 P - a scroll of summoning
 S - 5 scrolls of immolation
 W - 2 scrolls of magic mapping
Potions
 a - 5 potions of haste
 e - 5 potions of ambrosia
 h - 5 potions of attraction
 i - 12 potions of curing
 l - 6 potions of flight
 q - 7 potions of mutation
 r - 5 potions of lignification
 w - 4 potions of might
 z - a potion of invisibility
 H - 4 potions of cancellation
 L - a potion of berserk rage
 T - 3 potions of resistance
 V - a potion of heal wounds
Miscellaneous
 b - a phial of floods
 x - a lightning rod (4/4)
 E - a condenser vane
 R - a tin of tremorstones (2/2)
 X - a phantom mirror


   Skills:
 + Level 19.7 Fighting
 + Level 10.8 Long Blades
 - Level 14.9(18.1) Axes
 - Level 16.9(19.1) Maces & Flails
 + Level 20.4 Armour
 + Level 15.3 Dodging
 + Level 17.1 Shields
 + Level 12.4 Invocations
 + Level 11.5 Evocations


You had 19 spell levels left.
You didn't know any spells.
Your spell library contained the following spells:

 Spells                   Type           Power      Damage    Failure   Level
 Apportation              Tloc           0%         N/A       87%         1
 Freeze                   Ice            0%         1d3       87%         1
 Magic Dart               Conj           0%         1d3       87%         1
 Necrotise                Necr           0%         1d4       87%         1
 Slow                     Hex            0%         N/A       87%         1
 Summon Small Mammal      Summ           0%         N/A       87%         1
 Ensorcelled Hibernation  Hex/Ice        0%         N/A       95%         2
 Poisonous Vapours        Pois/Air       0%         N/A       95%         2
 Scorch                   Fire           0%         2d5       95%         2
 Searing Ray              Conj           0%         2d4       95%         2
 Sublimation of Blood     Necr           0%         N/A       95%         2
 Call Canine Familiar     Summ           0%         N/A       99%         3
 Confusing Touch          Hex            0%         N/A       99%         3
 Dazzling Flash           Conj/Hex       0%         N/A       99%         3
 Frozen Ramparts          Ice            0%         1d2       99%         3
 Ignite Poison            Fire/Tmut/Pois 0%         N/A       99%         3
 Ozocubu's Armour         Ice            0%         N/A       99%         3
 Summon Guardian Golem    Hex/Summ       0%         N/A       99%         3
 Tukima's Dance           Hex            0%         N/A       99%         3
 Vampiric Draining        Necr           0%         2d6       99%         3
 Animate Armour           Summ/Erth      0%         N/A       100%        4
 Animate Dead             Necr           0%         N/A       100%        4
 Corpse Rot               Necr/Pois/Air  0%         N/A       100%        4
 Fulminant Prism          Conj/Hex       0%         3d6       100%        4
 Hailstorm                Conj/Ice       0%         3d3       100%        4
 Iskenderun's Mystic Bla  Conj/Tloc      0%         2d3       100%        4
 Olgreb's Toxic Radiance  Pois           0%         N/A       100%        4
 Passage of Golubria      Tloc           0%         N/A       100%        4
 Petrify                  Tmut/Erth      0%         N/A       100%        4
 Summon Ice Beast         Ice/Summ       0%         N/A       100%        4
 Summon Lightning Spire   Summ/Air       0%         N/A       100%        4
 Agony                    Necr           0%         N/A       100%        5
 Blade Hands              Tmut           0%         N/A       100%        5
 Borgnjor's Vile Clutch   Necr/Erth      0%         N/A       100%        5
 Irradiate                Conj/Tmut      0%         3d11      100%        5
 Silence                  Hex/Air        0%         N/A       100%        5
 Summon Forest            Summ/Tloc      0%         N/A       100%        5
 Yara's Violent Unravell  Hex/Tmut       0%         3d3       100%        5
 Death Channel            Necr           0%         N/A       100%        6
 Dispersal                Tloc           0%         N/A       100%        6
 Iron Shot                Conj/Erth      0%         9d1       100%        6
 Starburst                Conj/Fire      0%         6d3       100%        6
 Storm Form               Tmut/Air       0%         N/A       100%        7
 Ignition                 Fire           0%         3d3       100%        8
 Lehudib's Crystal Spear  Conj/Erth      0%         10d2      100%        8
 Maxwell's Capacitive Co  Air            0%         ∞         100%        8
 Fire Storm               Conj/Fire      0%         5d1       100%        9


Dungeon Overview and Level Annotations

Branches:
Dungeon (15/15)            Temple (1/1) D:6            Lair (5/5) D:8
 Shoals (4/4) Lair:3        Snake (4/4) Lair:3        Slime (0/5) Lair:5
    Orc (2/2) D:9             Elf (3/3) Orc:2        Depths (3/4) D:15
  Sewer (visited)           IceCv (visited)         Gauntlet (visited)
 Vaults: D:13-14

Altars:
Ashenzari
Cheibriados
Dithmenos
Elyvilon
Fedhas
Gozag
Hepliaklqana
Kikubaaqudgha
Makhleb
Nemelex Xobeh
Okawaru
Qazlal
Ru
Sif Muna
Trog
Uskayaw
Vehumet
Wu Jian
Xom
Yredelemnul
Zin
The Shining One
Jiyva

Shops:
D:4 *   D:6 *   D:7 !   D:12 [   D:13 *   D:14 (   Orc:1 ?*[!   Orc:2 *=?(
Elf:1 ![:?!   Elf:3 [   Shoals:2 [   Snake:1 !

Portals:
Pandemonium: Orc:2
Trove: D:10 (give +3 ice dragon scales)


Innate Abilities, Weirdness & Mutations

You have a pair of horns on your head.
You reflexively headbutt those who attack you in melee.
Your flesh is heat resistant. (rF+)
Your natural rate of healing is unusually fast.
Your muscles are strong. (Str +4, Int/Dex -1)


Message History

The iceblast engulfs the spark wasp!!
The spark wasp is almost dead.
The soul eater is no longer encased in ice.
The stone giant is no longer encased in ice.
You block the spark wasp's attack. x2; You block the juggernaut's attack.
The juggernaut hits you but does no damage.
You puncture the spark wasp!
You kill the spark wasp!
Qazlal accepts your kill. You block the spark wasp's attack.
The spark wasp closely misses you.
The soul eater draws from the surrounding life force!
* * * LOW HITPOINT WARNING * * *
The soul eater is healed.
The flayed ghost cries, "Feel what I felt!"
Terrible wounds open up all over your body!
* * * LOW HITPOINT WARNING * * *
Unknown command.
Hit: O) +10 morningstar "Eos" {elec, Halo rElec}
Press: ? - help, Dir - move target, f - stone giant
Aim: a stone giant, quivering large rocks (sparse dust, almost dead, haloed, about 3% to evade the +10 morningstar "Eos")
Okay, then.
Aiming: Mindburst
Press: ? - help, Shift-Dir - straight line, f - soul eater
Aim: a soul eater (almost dead, haloed, chance to affect: 8%)
The soul eater resists with almost no effort.
You block the stone giant's attack. You block the spark wasp's attack.
Hit: O) +10 morningstar "Eos" {elec, Halo rElec}
Press: ? - help, Dir - move target, f - stone giant, p - soul eater
Aim: a stone giant, quivering large rocks (sparse dust, almost dead, haloed, about 3% to evade the +10 morningstar "Eos")
Okay, then.
As you read the scroll of summoning, it crumbles to dust.
Wisps of shadow whirl around you... You block the spark wasp's attack.
You block the stone giant's attack.
The deep troll shaman bites your glowing orange brain!
The deep troll shaman claws your glowing orange brain!
The deep troll shaman claws your glowing orange brain.
The soul eater draws from the surrounding life force!
* * * LOW HITPOINT WARNING * * *
The spark wasp completely misses you. The juggernaut hits you!!
You die...

########### #.......≈.## ##.
###........°.# ####...
##.......TGCC§## ####......
#........3[3@C.## ##.[#......
........≈.i##y≈C.###........#
##########°.##☼...#..)......#
#○.###≈.≈≈≈.......## #C##
##...[.#.....# #Y##
##≈...###..## #i3## ##..##
#### #(..# #### #=..#


You could see a juggernaut (ally target), a stone giant, a spark wasp, 2 soul
eaters, a deep troll shaman (ally target), a spriggan, 2 friendly stone giants
and a friendly glowing orange brain (summoned).

Vanquished Creatures
  Mara (Shoals:4)
  A juggernaut (Depths:2)
  A golden dragon (Depths:2)
  Mlioglotl (Shoals:3)
  Jorgrun (Snake:1)
  A lich (Depths:2)
  2 deep elf blademasters (Elf:3)
  3 quicksilver dragons
  3 krakens
  A sphinx (Depths:2)
  2 deep elf master archers (Elf:3)
  3 nagarajas
  3 deep elf sorcerers (Elf:3)
  4 deep elf elementalists (Elf:3)
  The ghost of Tollund the Severer, a journeyman MiAK of Lugonu (D:13)
  3 very ugly things (Depths:2)
  6 stone giants
  6 deep elf demonologists (Elf:3)
  3 deep elf annihilators (Elf:3)
  A vampire knight (Depths:1)
  Nessos (Lair:4)
  3 spark wasps (Depths:2)
  2 deep elf death magi (Elf:3)
  A minotaur (Gauntlet)
  5 merfolk javelineers
  2 ettins (Depths:2)
  8 merfolk impalers
  Snorg (Lair:4)
  Josephine (Lair:5)
  2 fire dragons
  A great orb of eyes (Shoals:1)
  3 deep elf high priests (Elf:3)
  A rakshasa (Depths:1)
  Harold (D:10)
  2 spriggan air magi
  3 demonspawn (Orc:2)
  Fannar (D:10)
  A salamander tyrant (Snake:4)
  11 hydras
  6 anacondas
  9 naga warriors
  5 centaur warriors
  3 catoblepae
  32 dancing weapons
  6 merfolk aquamancers
  10 two-headed ogres
  A satyr (shapeshifter) (Depths:2)
  4 satyrs
  4 tengu warriors
  3 death yaks (Lair:5)
  3 deep troll earth magi
  Urug (Lair:4)
  3 deep troll shamans (Depths:1)
  6 shock serpents
  6 orc high priests (Orc:2)
  3 spriggan berserkers
  A soul eater (Depths:2)
  12 naga sharpshooters
  2 sun demons (Depths:2)
  2 iron trolls (Depths:1)
  21 deep elf knights
  11 slime creatures
  3 salamander mystics
  3 skeletal warriors (D:14)
  A fire crab (Gauntlet)
  A sixfirhy (Gauntlet)
  A glowing orange brain (shapeshifter) (Depths:2)
  7 deep trolls
  15 sea snakes
  14 deep elf archers
  A lindwurm (Lair:5)
  A swamp dragon (Lair:5)
  7 orc knights
  5 naga ritualists
  26 deep elf pyromancers
  9 mana vipers
  14 harpies
  11 salamanders
  A necromancer (Depths:3)
  8 orc sorcerers
  16 ugly things
  28 deep elf zephyrmancers
  An oklob plant (Shoals:1)
  9 cyclopes
  8 manticores
  A moth of wrath (D:13)
  9 fauns
  11 water nymphs
  A rust devil (Orc:2)
  An elephant (shapeshifter) (Elf:3)
  A black mamba (shapeshifter) (Elf:3)
  15 elephants
  A torpor snail (Lair:2)
  4 guardian serpents
  44 black mambas
  A smoke demon (Depths:2)
  An unseen horror (D:11)
  A gargoyle (D:6)
  Maggie (D:6)
  19 naga magi
  Psyche (D:12)
  3 ice statues (IceCv)
  4 cane toads
  8 rime drakes
  A komodo dragon (shapeshifter) (Elf:1)
  3 komodo dragons
  2 freezing wraiths
  2 hellwings (Orc:2)
  A tengu conjurer (D:15)
  4 polar bears
  32 merfolk
  3 meliai (Gauntlet)
  9 trolls
  4 hornets
  26 blink frogs
  15 snapping turtles
  4 dream sheep
  6 wind drakes
  2 air elementals (Elf:3)
  18 water elementals
  A shadow (D:11)
  A vampire (D:9)
  A spriggan (Depths:2)
  A dire elephant simulacrum (IceCv)
  5 fire elementals
  4 fire bats (Gauntlet)
  7 wraiths
  2 wyverns
  33 yaks
  Grum (D:10)
  8 basilisks
  A redback (shapeshifter) (Elf:1)
  5 wargs
  2 steam dragons
  Edmund (D:6)
  3 harpy simulacra (IceCv)
  44 nagas
  Menkaure (D:7)
  2 acid dragons
  19 water moccasins
  2 swamp drakes (Lair:5)
  A sky beast (D:8)
  19 wolves
  2 black bears
  An ice beast (D:7)
  11 centaurs
  35 orc warriors
  7 ogres
  Blork the orc (D:6)
  3 phantoms
  2 gnoll sergeants
  A kobold brigand (D:7)
  A necrophage (D:5)
  7 bullfrogs
  A scorpion (D:4)
  3 earth elementals (Elf:1)
  3 cane toad simulacra (IceCv)
  8 wights
  15 killer bees
  An elephant simulacrum (IceCv)
  5 electric eels
  5 howler monkeys
  3 hounds
  12 jellies (Lair:5)
  28 orc priests
  6 iguanas
  12 merfolk sirens
  26 orc wizards
  5 hell rats (Lair:5)
  6 merfolk avatars
  2 polar bear simulacra (IceCv)
  A hound zombie (D:2)
  10 gnolls
  A river rat (Sewer)
  13 adders
  5 white imps
  3 ufetubi
  An adder zombie (D:2)
  A worm (D:3)
  5 dart slugs
  77 orcs
  18 ball pythons
  13 endoplasms
  6 giant cockroaches
  12 goblins
  10 hobgoblins
  11 jackals
  11 quokkas
  2 ball python skeletons (D:2)
  A ball python zombie (D:2)
  8 bats
  7 frilled lizards
  2 giant cockroach zombies (D:2)
  8 kobolds
  18 rats
  A butterfly (Lair:2)
  8 tentacles
1329 creatures vanquished.

Vanquished Creatures (collateral kills)
  A salamander tyrant (Snake:4)
  A mana viper (Snake:4)
  A smoke demon (Depths:2)
3 creatures vanquished.

Vanquished Creatures (others)
  A merfolk aquamancer (Shoals:4)
  A deep elf knight (Elf:3)
  2 deep elf pyromancers (Elf:1)
  A manticore (Shoals:2)
  A tengu conjurer (D:14)
  A merfolk (Shoals:4)
  A naga (Snake:4)
  An orc wizard (D:9)
  A demonic plant (Gauntlet)
  15 fungi
  68 plants
  30 tentacles
123 creatures vanquished.

Grand Total: 1455 creatures vanquished

Notes
Turn   | Place    | Note
-------+----------+-------------------------------------------
     0 | D:1      | hquester1 the Minotaur Fighter began the quest for the Orb.
     0 | D:1      | Reached XP level 1. HP: 19/19 MP: 0/0
   148 | D:1      | Reached XP level 2. HP: 27/27 MP: 1/1
   248 | D:1      | Reached skill level 1 in Dodging
   313 | D:1      | Reached skill level 4 in Armour
   368 | D:1      | Reached XP level 3. HP: 29/33 MP: 2/2
   734 | D:2      | Reached XP level 4. HP: 35/40 MP: 3/3
   811 | D:2      | Found a glowing golden altar of the Shining One.
  1209 | D:2      | Reached XP level 5. HP: 45/47 MP: 4/4
  1824 | D:3      | Identified the +1 chain mail of Jaosh {rF+ Str+4 Dex+2}
  1961 | D:3      | Found a sacrificial altar of Ru.
  2264 | D:4      | Reached XP level 6. HP: 37/55 MP: 5/5
  2284 | D:4      | Found Zoix's General Store.
  2292 | D:4      | Bought a scroll of magic mapping for 97 gold pieces
  2351 | D:4      | Reached skill level 5 in Fighting
  2351 | D:4      | Reached skill level 5 in Armour
  2351 | D:4      | Reached skill level 5 in Shields
  2413 | D:4      | Found a glowing drain.
  2423 | Sewer    | Entered a sewer
  3097 | D:4      | Reached XP level 7. HP: 60/62 MP: 6/6
  3792 | D:5      | Entered Level 5 of the Dungeon
  3802 | D:5      | Reached skill level 5 in Axes
  4042 | D:5      | Noticed a yak
  4042 | D:5      | Noticed a yak
  4042 | D:5      | Noticed a yak
  4059 | D:5      | Killed a yak
  4060 | D:5      | Reached skill level 6 in Armour
  4064 | D:5      | Killed a yak
  4065 | D:5      | Reached XP level 8. HP: 60/73 MP: 7/7
  5137 | D:6      | Noticed Edmund
  5150 | D:6      | Killed Edmund
  5151 | D:6      | Reached skill level 5 in Dodging
  5358 | D:6      | Found a staircase to the Ecumenical Temple.
  5363 | D:6      | Reached skill level 7 in Armour
  5369 | Temple   | Entered the Ecumenical Temple
  5427 | Temple   | Became a worshipper of Qazlal Stormbringer
  5660 | D:6      | Noticed Blork the orc
  5667 | D:6      | Killed Blork the orc
  5809 | D:6      | Noticed a gargoyle
  5819 | D:6      | Killed a gargoyle
  5820 | D:6      | Reached XP level 9. HP: 73/83 MP: 8/8
  5865 | D:6      | Found Myate's Neck Hole.
  5919 | D:6      | Noticed Maggie
  5939 | D:6      | Killed Maggie
  6305 | D:7      | Noticed Menkaure
  6310 | D:7      | Killed Menkaure
  6368 | D:7      | Found Vecw's Distillery.
  6479 | D:7      | Reached skill level 10 in Fighting
  6628 | D:7      | Reached skill level 8 in Armour
  6995 | D:7      | Reached * piety under Qazlal
  7056 | D:7      | Noticed a two-headed ogre
  7063 | D:7      | Killed a two-headed ogre
  7064 | D:7      | Reached XP level 10. HP: 60/95 MP: 9/9
  7902 | D:8      | Reached skill level 9 in Armour
  8033 | D:8      | Found a staircase to the Lair.
  8380 | D:8      | Reached ** piety under Qazlal
  8655 | D:9      | Noticed a two-headed ogre
  8667 | D:9      | Killed a two-headed ogre
  8668 | D:9      | Reached skill level 1 in Invocations
  8668 | D:9      | Reached skill level 1 in Evocations
  8887 | D:9      | Found a staircase to the Orcish Mines.
  9055 | D:9      | Found a hide-covered altar of Uskayaw.
  9055 | D:9      | Found a glowing golden altar of the Shining One.
  9058 | D:9      | Found a radiant altar of Vehumet.
  9285 | D:9      | Reached *** piety under Qazlal
  9295 | D:9      | Identified a scroll of acquirement
  9296 | D:9      | Acquired the +2 pair of boots of Verdant Awe {Str+5 Int+7}
  9301 | D:9      | Reached XP level 11. HP: 85/105 MP: 11/11
  9444 | D:9      | Found a shimmering altar of Xom.
  9597 | D:10     | Entered Level 10 of the Dungeon
  9624 | D:10     | Noticed Grum
  9636 | D:10     | Killed Grum
  9661 | D:10     | Noticed Harold
  9662 | D:10     | Noticed a two-headed ogre
  9679 | D:10     | Killed a two-headed ogre
  9681 | D:10     | Killed Harold
 10486 | D:10     | Noticed Fannar
 10495 | D:10     | Killed Fannar
 10857 | D:10     | Found a portal to a secret trove of treasure.
 11115 | D:11     | Reached skill level 10 in Armour
 11126 | D:11     | Reached skill level 5 in Maces & Flails
 11258 | D:11     | Reached skill level 10 in Shields
 11275 | D:11     | Identified the +7 acid dragon scales of Untruth {rF+ rCorr
                  | Str+2}
 11291 | D:11     | Noticed a two-headed ogre
 11301 | D:11     | Killed a two-headed ogre
 12033 | D:12     | Found Semom's Antique Armour Shoppe.
 12033 | D:12     | Noticed a four-headed hydra
 12043 | D:12     | Killed a four-headed hydra
 12118 | D:12     | Bought a pair of embroidered gloves for 157 gold pieces
 12143 | D:12     | Reached skill level 10 in Axes
 12159 | D:12     | Found a gate leading to a gauntlet.
 12160 | D:12     | Noticed Psyche
 12178 | D:12     | Killed Psyche
 12205 | Gauntlet | Entered a Gauntlet
 12205 | Gauntlet | Found a transporter.
 12216 | Gauntlet | Noticed a sixfirhy
 12385 | Gauntlet | Found a transporter.
 12387 | Gauntlet | Found a transporter.
 12398 | Gauntlet | Found a transporter.
 12401 | Gauntlet | Found a transporter.
 12407 | Gauntlet | Found a runed translucent gate.
 12407 | Gauntlet | Found a runed translucent gate.
 12407 | Gauntlet | Found a runed translucent gate.
 12410 | Gauntlet | Found a transporter.
 12426 | Gauntlet | Found a transporter.
 12436 | Gauntlet | Noticed a shining eye
 12437 | Gauntlet | Found a transporter.
 12440 | Gauntlet | Noticed an orange crystal statue
 12449 | Gauntlet | Found a transporter.
 12450 | Gauntlet | Found a runed translucent door.
 12452 | Gauntlet | Found a runed translucent door.
 12455 | Gauntlet | Found a transporter.
 12455 | Gauntlet | Found a transporter.
 12483 | Gauntlet | Found a transporter.
 12483 | Gauntlet | Found a transporter.
 12489 | Gauntlet | Noticed a fire crab
 12515 | Gauntlet | Killed a sixfirhy
 12516 | Gauntlet | Reached XP level 12. HP: 99/115 MP: 13/13
 12594 | Gauntlet | Reached **** piety under Qazlal
 12622 | Gauntlet | Identified the +1 cloak of the Evening {Int+4}
 12911 | Gauntlet | Noticed a minotaur
 12919 | Gauntlet | Killed a minotaur
 12955 | Gauntlet | Identified the +1 quarterstaff of Disorder {vorpal, Dex+2}
 13075 | D:12     | Noticed a four-headed hydra
 13080 | D:12     | Killed a four-headed hydra
 13208 | D:12     | Noticed a two-headed ogre
 13214 | D:12     | Killed a two-headed ogre
 13713 | D:13     | Found Nutwosan's Assorted Antiques.
 13825 | D:13     | Found a transporter.
 13861 | D:13     | Noticed a two-headed ogre
 13863 | D:13     | Noticed a two-headed ogre
 13864 | D:13     | Noticed Tollund's ghost (journeyman MiAK)
 13864 | D:13     | Noticed a two-headed ogre
 13864 | D:13     | Noticed a two-headed ogre
 13867 | D:13     | Found a bloodstained altar of Trog.
 13890 | D:13     | Found a transporter.
 14075 | D:13     | Acquired a manual of Armour
 14229 | Lair:1   | Entered Level 1 of the Lair of Beasts
 14237 | Lair:1   | Reached skill level 11 in Armour
 14259 | Lair:1   | Noticed a six-headed hydra
 14265 | Lair:1   | Killed a six-headed hydra
 14402 | Lair:1   | Reached skill level 5 in Invocations
 14504 | Lair:1   | Noticed a five-headed hydra
 14513 | Lair:1   | Killed a five-headed hydra
 14519 | Lair:1   | Reached XP level 13. HP: 125/125 MP: 15/15
 15453 | Lair:2   | Reached skill level 5 in Evocations
 15482 | Lair:2   | Reached skill level 12 in Armour
 15759 | Lair:2   | Reached skill level 15 in Fighting
 16113 | Lair:3   | Found a staircase to the Shoals.
 16124 | Lair:3   | Reached ***** piety under Qazlal
 16168 | Lair:3   | Found a frozen archway.
 16193 | IceCv    | Entered an ice cave
 16200 | IceCv    | Reached skill level 10 in Dodging
 16255 | IceCv    | Reached skill level 10 in Maces & Flails
 16280 | IceCv    | Identified the +8 bardiche "Penaiq" {vorpal, rElec}
 16347 | Lair:3   | Acquired 644 gold pieces
 16577 | Lair:3   | Found a staircase to the Snake Pit.
 17107 | Lair:4   | Noticed Urug
 17115 | Lair:4   | Noticed Nessos
 17125 | Lair:4   | Killed Urug
 17131 | Lair:4   | Killed Nessos
 17243 | Lair:4   | Reached skill level 13 in Armour
 17322 | Lair:4   | Noticed Snorg
 17330 | Lair:4   | Killed Snorg
 17584 | Lair:4   | Reached XP level 14. HP: 136/136 MP: 17/17
 18205 | Lair:5   | Entered Level 5 of the Lair of Beasts
 18329 | Lair:5   | Noticed Josephine
 18349 | Lair:5   | Killed Josephine
 18488 | Lair:5   | Reached ****** piety under Qazlal
 18634 | Lair:5   | Got the Verses on Flames and Frostbite
 18955 | Lair:5   | Reached skill level 14 in Armour
 19016 | Lair:5   | Found a viscous altar of Jiyva.
 19017 | Lair:5   | Found a staircase to the Slime Pits.
 19513 | Lair:5   | Acquired the ring "Aruidaem" {rElec rPois rF+}
 19732 | Orc:1    | Entered Level 1 of the Orcish Mines
 19732 | Orc:1    | Found Tasaer's Armour Shop.
 19768 | Orc:1    | Found Wockunt's Distillery.
 19931 | Orc:2    | Entered Level 2 of the Orcish Mines
 20120 | Orc:2    | Found Lekuatax's General Store.
 20179 | Orc:2    | Found Buxofekh's Magic Scroll Boutique.
 20622 | Orc:2    | Paralysed by an orc sorcerer for 4 turns
 20625 | Orc:2    | Gained mutation: You are clumsy. (Dex -2) [a neqoxec]
 20658 | Orc:2    | Reached XP level 15. HP: 24/145 MP: 19/19
 21042 | Orc:2    | Found Hept's Antique Weapon Emporium.
 21042 | Orc:2    | Found Xiggoymm's Jewellery Shoppe.
 21042 | Orc:2    | Found a one-way gate leading to the halls of Pandemonium.
 21058 | Orc:2    | Bought the ring of Umoxar {+Blink rN++ Str-2 Int+6} for 675
                  | gold pieces
 21207 | Orc:2    | Found a staircase to the Elven Halls.
 21376 | Orc:1    | Found Dorohiq's Assorted Antiques.
 21431 | Orc:1    | Found Aklit's Magic Scroll Shoppe.
 21466 | Orc:1    | Found a runed translucent door.
 21986 | Snake:1  | Entered Level 1 of the Snake Pit
 21994 | Snake:1  | Noticed Jorgrun
 21997 | Snake:1  | Killed Jorgrun
 22127 | Snake:1  | Reached skill level 15 in Armour
 22527 | Snake:1  | Found Gudidor's Distillery.
 22600 | Snake:1  | Found a shadowy altar of Dithmenos.
 22927 | Snake:2  | Found an ancient bone altar of Kikubaaqudgha.
 22943 | Snake:2  | Noticed a nagaraja
 22956 | Snake:2  | Killed a nagaraja
 23020 | Snake:2  | Identified the +1 ring mail of the Lion {rElec rC+}
 24329 | Snake:3  | Reached XP level 16. HP: 143/155 MP: 21/21
 24891 | Snake:3  | Reached skill level 16 in Armour
 25439 | Snake:4  | Entered Level 4 of the Snake Pit
 26108 | Snake:4  | Reached skill level 15 in Maces & Flails
 26424 | Snake:4  | Noticed a quicksilver dragon
 26431 | Snake:4  | Killed a quicksilver dragon
 26454 | Snake:4  | Noticed a quicksilver dragon
 26463 | Snake:4  | Killed a quicksilver dragon
 26734 | Snake:4  | Got a serpentine rune of Zot
 27531 | Shoals:1 | Entered Level 1 of the Shoals
 27967 | Shoals:1 | Found a bloodstained altar of Trog.
 28108 | Shoals:1 | Reached XP level 17. HP: 162/162 MP: 23/23
 28165 | Shoals:1 | Noticed a kraken
 28188 | Shoals:1 | Killed a kraken
 28536 | Shoals:2 | Found Irchinecu's Armour Emporium.
 28984 | Shoals:2 | Reached skill level 17 in Armour
 30008 | Shoals:3 | Noticed Mlioglotl
 30024 | Shoals:3 | Killed Mlioglotl
 30501 | Shoals:3 | Noticed a kraken
 30516 | Shoals:3 | Killed a kraken
 31030 | Shoals:4 | Entered Level 4 of the Shoals
 31066 | Shoals:4 | Got the Guidebook on Searing Evil
 31082 | Shoals:4 | Reached skill level 10 in Invocations
 31183 | Shoals:4 | Noticed a kraken
 31201 | Shoals:4 | Noticed Mara
 31207 | Shoals:4 | Noticed hquester1's illusion
 31210 | Shoals:4 | Killed a kraken
 31245 | Shoals:4 | Noticed hquester1's illusion
 31262 | Shoals:4 | Noticed hquester1's illusion
 31263 | Shoals:4 | Killed Mara
 31626 | Shoals:4 | Reached skill level 15 in Shields
 31646 | Shoals:4 | Reached skill level 18 in Armour
 31669 | Shoals:4 | Reached XP level 18. HP: 27/172 MP: 24/24
 31708 | Shoals:4 | Identified the +1 plate armour of Purpose {Will++ Int+4}
 31790 | Shoals:4 | Got a barnacled rune of Zot
 32152 | Shoals:4 | Identified the ring "Vaichuani" {rPois rF+ rCorr Dex-2}
 32896 | Elf:1    | Entered Level 1 of the Elven Halls
 33056 | Elf:1    | Found Ypomoi's Distillery.
 33176 | Elf:1    | Lost mutation: You are clumsy. (Dex -2) [potion of
                  | mutation]
 33176 | Elf:1    | Gained mutation: Your muscles are strong. (Str +4, Int/Dex
                  | -1) [potion of mutation]
 33176 | Elf:1    | Gained mutation: Your natural rate of healing is unusually
                  | fast. [potion of mutation]
 33176 | Elf:1    | Gained mutation: Your flesh is heat resistant. (rF+)
                  | [potion of mutation]
 33259 | Elf:1    | Found Sutil's Distillery.
 33299 | Elf:1    | Found Suczouc's Book Shoppe.
 33337 | Elf:1    | Bought a manual of Long Blades for 1120 gold pieces
 33355 | Elf:1    | Reached skill level 1 in Long Blades
 33414 | Elf:1    | Found Jitrorphe's Magic Scroll Shoppe.
 33483 | Elf:1    | Found Laates's Antique Armour Emporium.
 33954 | Elf:2    | Reached skill level 10 in Evocations
 34363 | Elf:2    | Found a runed translucent gate.
 34363 | Elf:2    | Found a runed translucent gate.
 34363 | Elf:2    | Found a runed translucent gate.
 34386 | Elf:2    | Reached skill level 19 in Armour
 34613 | Elf:2    | Reached skill level 5 in Long Blades
 34943 | Elf:3    | Entered Level 3 of the Elven Halls
 34964 | Elf:3    | Found Esisiech's Armour Boutique.
 34986 | Elf:3    | Bought the +9 plate armour "Cueseodgh" {rC+ Will++ rCorr
                  | Int+4} for 1712 gold pieces
 35070 | Elf:3    | Reached XP level 19. HP: 157/181 MP: 16/26
 35192 | Elf:3    | Identified the +6 halberd of Fedhas's Scorn {speed, Fragile
                  | Str+4 Int+5}
 35203 | Elf:3    | Identified the +5 dagger "Reosemu" {freeze, *Slow rElec
                  | Int+2 Stlth+}
 35350 | Elf:3    | Found the +3 pair of seven-league boots {Rampage+∞}
 35362 | Elf:3    | Identified the +0 pair of boots of Apsaebb {Harm rElec}
 35364 | Elf:3    | Got the Catalogue of Nocuous Dislocation
 35470 | Elf:3    | Identified the amulet "Aloag" {Faith rF+ rN+++ Stlth-}
 35515 | Elf:3    | Got the Papyrus of the Fiery Congregation
 35523 | Elf:3    | Identified the +6 rapier of Popp {vorpal, Str+2}
 35699 | Elf:3    | Paralysed by an air elemental for 1 turns
 36224 | D:13     | Killed Tollund's ghost
 36321 | D:14     | Found Tickuixu's Antique Weapon Boutique.
 36439 | D:14     | You fall into a shaft and drop 1 floor!
 36439 | D:15     | Entered Level 15 of the Dungeon
 36439 | D:15     | Found an opulent altar of Gozag.
 36662 | D:15     | Reached skill level 20 in Armour
 37075 | D:15     | Found a staircase to the Depths.
 37157 | Depths:1 | Entered Level 1 of the Depths
 37371 | Depths:1 | Reached skill level 15 in Dodging
 37397 | Depths:1 | You fall into a shaft and drop 1 floor!
 37454 | Depths:2 | Reached skill level 10 in Long Blades
 37492 | Depths:2 | Noticed a golden dragon
 37494 | Depths:2 | Noticed a juggernaut
 37500 | Depths:2 | Reached XP level 20. HP: 149/191 MP: 28/28
 37501 | Depths:2 | Noticed a juggernaut
 37535 | Depths:2 | Killed a juggernaut
 37577 | Depths:2 | Killed a golden dragon
 37580 | Depths:2 | Mangled by a juggernaut

Illustrated notes

Levels and vault maps discovered:
D:1:      lightli_arrival_statue_moat, layout_rooms
D:2:      layout_loops_cross, serial_undead, serial_undead_b, serial_undead_e,
          serial_undead_a, serial_undead_f, serial_undead_f, serial_undead_e,
          basic_altar
D:3:      minmay_angry_zag, layout_basic, nicolae_ru_path_of_blood
D:4:      layout_basic, serial_shops,
          nicolae_shop_temple_entry_statues_fountains, gup_sewer_entry_bubbles
D:5:      layout_gridville
D:6:      nicolae_cairo_tiling_large, layout_rooms, temple_green,
          minmay_misc_feat_five, nicolae_shop_sticking_my_neck_out, uniq_maggie,
          uniq_blork_the_orc, uniq_edmund
D:7:      layout_basic, serial_shops, shop, st_stairs_5, uniq_menkaure
D:8:      layout_basic, erik_lair_orcish_takeover, patterned_corridor
D:9:      layout_irregular_city, brannock_xom_greatest_gift,
          gammafunk_temple_overflow_forgotten, david_orc_1_choice
D:10:     layout_basic, enter_trove_6, uniq_grum, uniq_fannar, uniq_harold
D:11:     layout_long_grid
D:12:     layout_cave_pools, gauntlet_entry_generic, serial_shops,
          kennysheep_mini, minmay_misc_feat_x, uniq_psyche
D:13:     layout_loops_cross, gammafunk_ghost_wrathful_warriors, serial_shops,
          nicolae_shop_overgrown_old_shop
D:14:     layout_cave_pools, david_vaults_4, chequers_serial_rivers_micro_c,
          serial_shops, shop, ebering_ghost_disaster_area,
          minmay_tree_intersection
D:15:     grunt_enter_depths_snipers, layout_basic, grunt_gozag_breadcrumbs
Temple:   nicolae_temple_bog_church
Lair:1:   layout_gridlike, chequers_serial_rivers_micro_b,
          bh_autumn_forest_stairs, chequers_serial_rivers_large_a
Lair:2:   layout_chaotic_city, minmay_shattered_shrine, lemuel_fruit_fields
Lair:3:   layout_cave_shapes, elwin_shoals_entry_rocks,
          minmay_snake_entry_six_corridors, portal_ice_cave_entry_pillars_2,
          infiniplex_staircase_pool
Lair:4:   layout_layer_cave, serial_bayou_shore_a, grunt_megastairs_4,
          uniq_snorg, uniq_nessos, uniq_urug
Lair:5:   hangedman_lair_in_review, layout_regular_city,
          guppyfry_lair_end_dragon, minmay_slime_entry_jelly_boxes,
          nicolae_quartered_pool_impasse, uniq_josephine
Shoals:1: dreamdust_from_the_deep, layout_shoals, lemuel_oklob_altar
Shoals:2: layout_shoals, serial_shops, nicolae_stop_n_shop_1,
          nicolae_splish_splash
Shoals:3: cheibrodos_shoals_satyrical_garden, layout_shoals, uniq_mlioglotl
Shoals:4: shoals_end_simple, layout_shoals, nicolae_shoals_seven_spires,
          uniq_mara
Snake:1:  layout_cave_pods, serial_shops, nicolae_shop_hallway_stairs,
          basic_altar, grunt_ministairs_7, uniq_jorgrun
Snake:2:  layout_honeycomb, basic_altar
Snake:3:  layout_honeycomb
Snake:4:  hellmonk_snake_rune_quicksilver_temple, layout_cave_shapes,
          hangedman_snake_pattern
Orc:1:    layout_caves, serial_shops, nicolae_shop_hallway_stairs, shop,
          nicolae_shop_window_shopping, nicolae_diamond_shop, shop,
          lightli_church_of_beogh
Orc:2:    pf_orc_diabolical, layout_caves
Elf:1:    elf_arrival_001, layout_onion_city, serial_shops, shop, shop,
          nicolae_shop_trees, nicolae_shop_hallway_plus, shop, minivault_28
Elf:2:    nicolae_elf_blades_splatter_lattice
          [nicolae_blade_entry_hurt_lockers], layout_onion_city,
          dreamdust_princess_bridge
Elf:3:    elf_hall_gauntlet_wide, layout_geoelf_octagon, serial_shops, shop
Depths:1: layout_gridville, hell_entry, serial_shops, nicolae_shop_statue_plus,
          kennysheep_path_1, beargit_elvish_explorers
Depths:2: grunt_arcs, layout_twisted_cross, hellmouth_3, rand_demon_pan_entry_9,
          uniq_saint_roka, uniq_josephina
Depths:3: evilmike_lava_path, layout_basic, pdpol_wu_jian_five_deadly_venoms,
          pf_hell_entry_tar_river, abyss_entry_flame_altar,
          minmay_misc_feat_encased

Skill      XL: |  1  2  3  4  5  6  7  8  9 10 11 12 13 14 15 16 17 18 19 20 |
---------------+-------------------------------------------------------------+-----
Dodging        | 1 2 3 4 5 6 7 8 9 10 11 12 13 14 15 | 15.3
Armour         | 4 5 6 7 8 9 10 11 13 14 15 16 18 19 20 | 20.4
Shields        | 4 5 6 7 8 9 10 11 12 13 14 15 16 17 | 17.1
Fighting       | 4 5 7 9 11 12 13 14 15 16 17 18 19 | 19.7
Axes           | 3 4 5 7 8 9 10 11 12 13 14 | 14.9
Maces & Flails | 3 6 8 10 12 14 15 16 | 16.9
Invocations    | 1 3 5 6 7 8 9 10 11 12 | 12.4
Evocations     | 1 3 4 5 6 7 8 9 10 11 | 11.5
Long Blades    | 6 10 | 10.8

Action                   |  1- 3 |  4- 6 |  7- 9 | 10-12 | 13-15 | 16-18 | 19-21 || total
-------------------------+-------+-------+-------+-------+-------+-------+-------++-------
Melee: War axe           |    74 |   202 |   203 |   263 |       |       |       ||   742
       Headbutt          |     4 |    25 |    44 |   112 |   177 |   255 |   148 ||   765
       Broad axe         |       |       |       |    88 |       |       |       ||    88
       Morningstar       |       |       |       |   106 |   768 |   927 |   437 ||  2238
Throw: Throwing net      |       |       |       |       |       |     1 |       ||     1
Invok: Elemental Force   |       |       |       |       |       |     1 |     1 ||     2
       Disaster Area     |       |       |       |       |       |       |     3 ||     3
Evoke: Tin of tremorston |       |       |       |       |       |     3 |     1 ||     4
       Condenser vane    |       |       |       |       |       |     1 |       ||     1
       Wand              |       |       |       |       |       |     2 |     2 ||     4
  Use: Scroll            |       |     1 |     7 |    20 |    12 |    11 |     3 ||    54
       Potion            |       |     1 |     2 |     2 |     1 |     3 |     3 ||    12
 Stab: Confused          |       |       |       |       |       |     1 |       ||     1
Armor: Scale mail        |    41 |    40 |       |       |       |       |       ||    81
       Chain mail        |       |    61 |    65 |       |       |       |       ||   126
       Plate armour      |       |       |     2 |   163 |       |     2 |    98 ||   265
       Acid dragon scale |       |       |       |    62 |   204 |   158 |       ||   424
       Skin              |       |       |       |     7 |       |       |       ||     7
Dodge: Dodged            |    49 |    86 |    84 |   175 |   230 |   249 |   104 ||   977
       Repelled          |       |       |       |       |    15 |    20 |     5 ||    40
Block: Buckler           |    21 |    37 |    76 |   154 |       |       |       ||   288
       Kite shield       |       |       |       |   144 |   709 |       |       ||   853
       Reflection        |       |       |       |       |    48 |   175 |    65 ||   288
       Tower shield      |       |       |       |       |   118 |  1407 |   605 ||  2130

Table legend: (Time is in decaauts)
 A = Elapsed time spent in this place.
 B = Non-inter-level travel time spent in this place.
 C = Inter-level travel time spent in this place.
 D = Time resting spent in this place.
 E = Time spent auto-exploring this place.
 F = Levels seen in this place.
 G = Mean time per level.
                   A        B        C        D        E       F      G
               +--------+--------+--------+--------+--------+-----+--------+
         Total |  38064 |  35809 |   2255 |   5079 |  21217 |  40 |  951.6 |
       Dungeon |  14297 |  13407 |    890 |   1520 |   8734 |  15 |  953.1 |
        Temple |    195 |    171 |     24 |      0 |    143 |   1 |  195.0 |
          Lair |   5732 |   5058 |    674 |     50 |   3779 |   5 | 1146.4 |
        Shoals |   5347 |   5149 |    198 |   1924 |   1873 |   4 | 1336.8 |
     Snake Pit |   5291 |   5125 |    166 |    556 |   3452 |   4 | 1322.8 |
  Orcish Mines |   2156 |   1949 |    207 |    340 |   1110 |   2 | 1078.0 |
   Elven Halls |   3040 |   2947 |     93 |    211 |   1539 |   3 | 1013.3 |
        Depths |    399 |    399 |      0 |     56 |     61 |   3 |  133.0 |
         Sewer |    664 |    664 |      0 |      0 |    355 |   1 |  664.0 |
      Ice Cave |    133 |    133 |      0 |      0 |      0 |   1 |  133.0 |
      Gauntlet |    805 |    805 |      0 |    422 |    169 |   1 |  805.0 |
               +--------+--------+--------+--------+--------+-----+--------+

Top non-repeatable levels by time:
 Snake:4: 1793 daAuts
Shoals:4: 1617 daAuts
   Orc:2: 1557 daAuts
Shoals:1: 1503 daAuts
    D:10: 1498 daAuts
     D:9: 1389 daAuts
     D:5: 1345 daAuts
  Lair:5: 1334 daAuts
 Snake:3: 1327 daAuts
Shoals:3: 1321 daAuts
 Snake:2: 1285 daAuts
     D:8: 1268 daAuts
  Lair:1: 1209 daAuts
  Lair:4: 1128 daAuts
   Elf:1: 1089 daAuts
